EVO
UNIVERSITY OF MICHIGAN WOLVERINES @ CLEMSON UNIVERSITY TIGERS
12/15/2049
 
TOP OF THE 1ST
University of Michigan Wolverines batting - Pitching for Clemson University Tigers : RHP Trevor Doyle
Pitching: RHP Trevor Doyle
Batting: RHB Mario Cruz 0-0: Called Strike
0-1: Called Strike
0-2: Ball
1-2: Ball
2-2: Strikes out swinging
Batting: RHB Gerard Gordijn 0-0: Ground out 4-3 (Groundball, 4, EV 103.8 MPH)
Batting: RHB Chris Williamson 0-0: Swinging Strike
0-1: Ball
1-1: Ball
2-1: Ball
3-1: Foul Ball, location: 23FF
3-2: Strikes out swinging
Top of the 1st over - 0 runs, 0 hits, 0 errors, 0 left on base; University of Michigan 0 - Clemson University 0
BOTTOM OF THE 1ST
Clemson University Tigers batting - Pitching for University of Michigan Wolverines : RHP Dave Bressler
Pitching: RHP Dave Bressler
Batting: LHB Tony Rivera 0-0: Foul Ball, location: 7LSF
0-1: Fly out, F9 (Flyball, 9D, EV 97.5 MPH)
Batting: LHB Santiago Carrillo 0-0: Swinging Strike
0-1: Ball
1-1: Ball
2-1: Ball
3-1: Swinging Strike
3-2: Foul Ball, location: 2F
3-2: Ground out U3 (Groundball, 34, EV 96.9 MPH)
Batting: RHB Marco Maggs 0-0: Foul Ball, location: 2F
0-1: Ball
1-1: Swinging Strike
1-2: Foul Ball, location: 2F
1-2: Strikes out looking
Bottom of the 1st over - 0 runs, 0 hits, 0 errors, 0 left on base; University of Michigan 0 - Clemson University 0
TOP OF THE 2ND
University of Michigan Wolverines batting - Pitching for Clemson University Tigers : RHP Trevor Doyle
Batting: RHB Walter Fisher 0-0: Fly out, F9 (Flyball, 9D, EV 100.6 MPH)
Batting: RHB Allan Dunn 0-0: Ball
1-0: Fly out, F9 (Flyball, 9, EV 92.5 MPH)
Batting: RHB Angus Shanahan 0-0: Called Strike
0-1: Foul Ball, location: 2F
0-2: Ball
1-2: Ball
2-2: Ball
3-2: Foul Ball, location: 2F
3-2: Strikes out looking
Top of the 2nd over - 0 runs, 0 hits, 0 errors, 0 left on base; University of Michigan 0 - Clemson University 0
BOTTOM OF THE 2ND
Clemson University Tigers batting - Pitching for University of Michigan Wolverines : RHP Dave Bressler
Batting: LHB Mario Nunez 0-0: Ball
1-0: Called Strike
1-1: Ground out 4-3 (Groundball, 4, EV 85.6 MPH)
Batting: LHB Jochen Salt 0-0: Ball
1-0: Ball
2-0: Called Strike
2-1: Ball
3-1: Fly out, F8 (Flyball, 8LM, EV 83.8 MPH)
Batting: RHB Jason Duncan 0-0: Fly out, F8 (Flyball, 8LXD, EV 101.3 MPH)
Bottom of the 2nd over - 0 runs, 0 hits, 0 errors, 0 left on base; University of Michigan 0 - Clemson University 0
TOP OF THE 3RD
University of Michigan Wolverines batting - Pitching for Clemson University Tigers : RHP Trevor Doyle
Batting: LHB Murdock Cranton 0-0: Called Strike
0-1: Swinging Strike
0-2: Strikes out swinging
Batting: RHB Remie Braakman 0-0: Ball
1-0: Foul Ball, location: 2F
1-1: Ball
2-1: Ball
3-1: Foul Ball, location: 5F
3-2: Base on Balls
Batting: SHB Elvis Hoying 0-0: Ball
1-0: SINGLE (Line Drive, 34D, EV 96.3 MPH)
Remie Braakman to second
Batting: RHB Mario Cruz 0-0: Ball
1-0: SINGLE (Groundball, 4MD, EV 99.4 MPH)
Remie Braakman to third
Elvis Hoying to second
Batting: RHB Gerard Gordijn 0-0: Ball
1-0: Ball
2-0: Called Strike
2-1: Called Strike
2-2: Strikes out swinging
Batting: RHB Chris Williamson 0-0: Ball
1-0: Ball
2-0: Foul Ball, location: 3FF
2-1: Ball
3-1: Ground out 6-3 (Groundball, 4MS, EV 82.5 MPH)
Top of the 3rd over - 0 runs, 2 hits, 0 errors, 3 left on base; University of Michigan 0 - Clemson University 0
BOTTOM OF THE 3RD
Clemson University Tigers batting - Pitching for University of Michigan Wolverines : RHP Dave Bressler
Batting: LHB Alfredo Padilla 0-0: Called Strike
0-1: Ball
1-1: Called Strike
1-2: Ball
2-2: Ball
3-2: Strikes out swinging
Batting: LHB David Fiedler 0-0: Ball
1-0: Fly out, F7 (Line Drive, 78M, EV 90.6 MPH)
Batting: RHB Danny Gutierrez 0-0: Called Strike
0-1: Ball
1-1: SINGLE (Line Drive, 89S, EV 91.3 MPH)
Batting: LHB Tony Rivera 0-0: Called Strike
0-1: Ball
1-1: DOUBLE (Line Drive, 8LXD, EV 104.4 MPH)
Danny Gutierrez to third
Runner from 3rd tries for Home, SAFE, no throw by CF
Batting: LHB Santiago Carrillo 0-0: Fly out, F9 (Flyball, 89D, EV 90.0 MPH)
Bottom of the 3rd over - 1 run, 2 hits, 0 errors, 1 left on base; University of Michigan 0 - Clemson University 1
TOP OF THE 4TH
University of Michigan Wolverines batting - Pitching for Clemson University Tigers : RHP Trevor Doyle
Batting: RHB Walter Fisher 0-0: Ball
1-0: Ground out 4-3 (Groundball, 4M, EV 86.9 MPH)
Batting: RHB Allan Dunn 0-0: Foul Ball, location: 2F
0-1: Foul Ball, location: 7LMFF
0-2: Ball
1-2: Foul Ball, location: 25FF
1-2: Ball
2-2: Foul Ball, location: 3F
2-2: Ball
3-2: Foul Ball, location: 7LMF
3-2: Base on Balls
Batting: RHB Angus Shanahan 0-0: Ball
1-0: Ball
2-0: Foul Ball, location: 9LDF
2-1: Swinging Strike
2-2: Strikes out swinging
Batting: LHB Murdock Cranton 0-0: Called Strike
0-1: Ball
1-1: Called Strike
1-2: Foul Ball, location: 2F
1-2: DOUBLE (Line Drive, 9LM, EV 105.6 MPH)
Allan Dunn to third
Batting: RHB Remie Braakman 0-0: Swinging Strike
0-1: Ball
1-1: Fly out, F8 (Flyball, 8RM, EV 86.3 MPH)
Top of the 4th over - 0 runs, 1 hit, 0 errors, 2 left on base; University of Michigan 0 - Clemson University 1
BOTTOM OF THE 4TH
Clemson University Tigers batting - Pitching for University of Michigan Wolverines : RHP Dave Bressler
Batting: RHB Marco Maggs 0-0: Foul Ball, location: 9LDF
0-1: SINGLE (Line Drive, 8LS, EV 95.0 MPH)
Batting: LHB Mario Nunez 0-0: Swinging Strike
0-1: Called Strike
0-2: Strikes out looking
Batting: LHB Jochen Salt 0-0: DOUBLE (Flyball, 8LXD, EV 97.5 MPH)
Marco Maggs to third
Runner from 3rd tries for Home, SAFE, no throw by CF
Pinch Runner at 2nd George Jedinak:
Batting: RHB Jason Duncan 0-0: Fly out, F8 (Flyball, 8LM, EV 90.0 MPH)
Batting: LHB Alfredo Padilla 0-0: Ball
1-0: Ground out 4-3 (Groundball, 4, EV 108.1 MPH)
Bottom of the 4th over - 1 run, 2 hits, 0 errors, 1 left on base; University of Michigan 0 - Clemson University 2
TOP OF THE 5TH
University of Michigan Wolverines batting - Pitching for Clemson University Tigers : RHP Trevor Doyle
Now in CF: George Jedinak
Batting: SHB Elvis Hoying 0-0: Ball
1-0: Foul Ball, location: 2F
1-1: DOUBLE (Line Drive, 7LS, EV 95.6 MPH)
Batting: RHB Mario Cruz 0-0: Ball
1-0: Ball
2-0: SINGLE (Line Drive, 6D, EV 97.5 MPH)
Elvis Hoying to third
Batting: RHB Gerard Gordijn 0-0: Ball
Wild Pitch!
Elvis Hoying scores
Mario Cruz to second
1-0: Called Strike
1-1: Called Strike
1-2: Strikes out swinging
Batting: RHB Chris Williamson 0-0: Fly out, F8 (Flyball, 78D, EV 101.9 MPH)
Throwing error, E8
Mario Cruz scores
Batting: RHB Walter Fisher 0-0: Ball
1-0: Ball
2-0: Fly out, F8 (Flyball, 8RM, EV 91.3 MPH)
Top of the 5th over - 2 runs, 2 hits, 1 error, 0 left on base; University of Michigan 2 - Clemson University 2
BOTTOM OF THE 5TH
Clemson University Tigers batting - Pitching for University of Michigan Wolverines : RHP Dave Bressler
Batting: LHB David Fiedler 0-0: Ball
1-0: Foul Ball, location: 3FF
1-1: Swinging Strike
1-2: Ball
2-2: Hit by Pitch
Batting: RHB Danny Gutierrez 0-0: Foul Ball, location: 2F
0-1: Grounds into double play, 4-6-3 (Groundball, 34, EV 85.0 MPH)
Batting: LHB Tony Rivera 0-0: Foul Ball, location: 7LMF
0-1: Ball
1-1: DOUBLE (Line Drive, 89M, EV 91.9 MPH)
Batting: LHB Santiago Carrillo 0-0: Called Strike
0-1: Ball
1-1: Ball
2-1: Ball
3-1: Foul Ball, location: 7LSF
3-2: Base on Balls
Batting: RHB Marco Maggs 0-0: Ball
1-0: Foul Ball, location: 2F
1-1: Foul Ball, location: 25F
1-2: Ball
2-2: Foul Ball, location: 9LMF
2-2: Ball
3-2: Strikes out looking
Bottom of the 5th over - 0 runs, 1 hit, 0 errors, 2 left on base; University of Michigan 2 - Clemson University 2
TOP OF THE 6TH
University of Michigan Wolverines batting - Pitching for Clemson University Tigers : RHP Trevor Doyle
Pitching: RHP John Sweet
Batting: RHB Allan Dunn 0-0: SINGLE (Groundball, 56, EV 108.8 MPH)
Batting: RHB Angus Shanahan 0-0: Ball
1-0: Called Strike
1-1: Ball
2-1: Ball
3-1: Foul Ball, location: 9LMF
3-2: Base on Balls
Allan Dunn to second
Batting: LHB Murdock Cranton 0-0: Ball
1-0: Ball
2-0: Fielders Choice at 2nd, 4-6 (Groundball, 4, EV 82.5 MPH)
Allan Dunn to third
Batting: RHB Remie Braakman 0-0: Called Strike
0-1: Ball
1-1: Fielders Choice at 2nd, 4-6 (Groundball, 4, EV 98.1 MPH)
Batting: SHB Elvis Hoying 0-0: Called Strike
0-1: Ball
1-1: Ball
2-1: Ground out 4-3 (Groundball, 4, EV 98.1 MPH)
Top of the 6th over - 0 runs, 1 hit, 0 errors, 2 left on base; University of Michigan 2 - Clemson University 2
BOTTOM OF THE 6TH
Clemson University Tigers batting - Pitching for University of Michigan Wolverines : RHP Dave Bressler
Batting: LHB Mario Nunez 0-0: Called Strike
0-1: Ball
1-1: Foul Ball, location: 9LDF
1-2: Ball
2-2: Foul Ball, location: 3DF
2-2: Ball
3-2: Base on Balls
Pitching: RHP Tom DuBois
Batting: LHB George Jedinak 0-0: Called Strike
0-1: Foul Ball, location: 7LSF
0-2: SINGLE (Groundball, 56S, EV 68.8 MPH) (infield hit)
Mario Nunez to second
Batting: RHB Jason Duncan 0-0: Foul Ball, location: 5F
0-1: Called Strike
0-2: Ball
1-2: Ball
2-2: Strikes out swinging
Batting: LHB Alfredo Padilla 0-0: Fielders Choice at 2nd, 3-6 (Groundball, 13, EV 89.4 MPH)
Mario Nunez to third
Batting: LHB David Fiedler 0-0: Called Strike
0-1: Ball
1-1: Ball
2-1: Called Strike
2-2: Ball
3-2: Foul Ball, location: 2F
3-2: Base on Balls
Alfredo Padilla to second
Pitching: RHP Leon DeSanctis
Batting: RHB Danny Gutierrez 0-0: Ball
1-0: Ball
2-0: Ball
3-0: Called Strike
3-1: Called Strike
3-2: Ground out 4-3 (Groundball, 4, EV 85.0 MPH)
Bottom of the 6th over - 0 runs, 1 hit, 0 errors, 3 left on base; University of Michigan 2 - Clemson University 2
TOP OF THE 7TH
University of Michigan Wolverines batting - Pitching for Clemson University Tigers : RHP John Sweet
Pitching: RHP Richard Clements
Batting: RHB Mario Cruz 0-0: Called Strike
0-1: Ball
1-1: SINGLE (Groundball, 6, EV 81.9 MPH)
Batting: RHB Gerard Gordijn 0-0: SINGLE (Line Drive, 78S, EV 88.1 MPH)
Mario Cruz to second
Batting: RHB Chris Williamson 0-0: Grounds into double play, 6-4-3 (Groundball, 6, EV 84.4 MPH)
Mario Cruz to third
Batting: RHB Walter Fisher 0-0: Ball
1-0: Called Strike
1-1: Foul Ball, location: 9LMF
1-2: Ball
2-2: Strikes out swinging
Top of the 7th over - 0 runs, 2 hits, 0 errors, 1 left on base; University of Michigan 2 - Clemson University 2
BOTTOM OF THE 7TH
Clemson University Tigers batting - Pitching for University of Michigan Wolverines : RHP Leon DeSanctis
Batting: LHB Tony Rivera 0-0: Called Strike
0-1: SINGLE (Line Drive, 9S, EV 108.1 MPH)
Pitching: LHP Danny Warner
Batting: LHB Santiago Carrillo 0-0: Foul Ball, location: 2F
0-1: Ball
1-1: Fielders Choice at 2nd, 6-4 (Groundball, 6M, EV 87.5 MPH)
Pitching: RHP Orlando Huizar
Batting: RHB Marco Maggs 0-0: Called Strike
0-1: Ball
Wild Pitch!
Santiago Carrillo to second
1-1: SINGLE (Line Drive, 56D, EV 98.1 MPH)
Santiago Carrillo to third
Runner from 3rd tries for Home, SAFE, throw by LF to home
Marco Maggs to second
Batting: LHB Mario Nunez 0-0: Called Strike
0-1: Ground out 4-3 (Groundball, 4S, EV 85.0 MPH)
Marco Maggs to third
Batting: LHB George Jedinak 0-0: Ball
1-0: Called Strike
1-1: Foul Ball, location: 3FF
1-2: Ball
2-2: Strikes out swinging
Bottom of the 7th over - 1 run, 2 hits, 0 errors, 1 left on base; University of Michigan 2 - Clemson University 3
TOP OF THE 8TH
University of Michigan Wolverines batting - Pitching for Clemson University Tigers : RHP Richard Clements
Pitching: LHP Will West
Batting: RHB Allan Dunn 0-0: SINGLE (Groundball, 34D, EV 103.8 MPH)
Batting: RHB Angus Shanahan 0-0: Fly out, F8 (Flyball, 8LM, EV 76.3 MPH)
Pinch Hitting: RHB Wendell Sarkies 0-0: Fly out, F8 (Flyball, 89D, EV 102.5 MPH)
Batting: RHB Remie Braakman 0-0: Ball
1-0: SINGLE (Groundball, 56S, EV 78.8 MPH) (infield hit)
Allan Dunn to second
Pinch Hitting: LHB Dakota Kaempf 0-0: Called Strike
0-1: Fly out, F8 (Flyball, 8LM, EV 93.1 MPH)
Top of the 8th over - 0 runs, 2 hits, 0 errors, 2 left on base; University of Michigan 2 - Clemson University 3
BOTTOM OF THE 8TH
Clemson University Tigers batting - Pitching for University of Michigan Wolverines : RHP Orlando Huizar
Pitching: LHP Kunikazu Ishida
Now at 1B: Lance Sabo
Now in RF: Wendell Sarkies
Batting: RHB Jason Duncan 0-0: Called Strike
0-1: Foul Ball, location: 2F
0-2: Ball
1-2: Ball
2-2: Foul Ball, location: 2F
2-2: Foul Ball, location: 9LSF
2-2: Ground out 6-3 (Groundball, 6S, EV 70.6 MPH)
Batting: LHB Alfredo Padilla 0-0: Ball
1-0: Swinging Strike
1-1: Swinging Strike
1-2: Ball
2-2: DOUBLE (Line Drive, 9LS, EV 104.4 MPH)
Batting: LHB David Fiedler 0-0: Ball
Wild Pitch!
Alfredo Padilla to third
1-0: Ground out 6-3 (Groundball, 6MS, EV 87.5 MPH)
Batting: RHB Danny Gutierrez 0-0: Ball
1-0: SINGLE (Line Drive, 4D, EV 93.8 MPH)
Alfredo Padilla scores
Batting: LHB Tony Rivera 0-0: Ball
Danny Gutierrez steals 2nd base
1-0: Ball
2-0: SINGLE (Line Drive, 9S, EV 91.9 MPH)
Danny Gutierrez to third
Runner from 3rd tries for Home, SAFE, throw by RF to home
Tony Rivera to second
Pitching: LHP Lindsay Adams
Batting: LHB Santiago Carrillo 0-0: Called Strike
0-1: Ball
1-1: Ball
2-1: Foul Ball, location: 7LMF
2-2: Strikes out looking
Bottom of the 8th over - 2 runs, 3 hits, 0 errors, 1 left on base; University of Michigan 2 - Clemson University 5
TOP OF THE 9TH
University of Michigan Wolverines batting - Pitching for Clemson University Tigers : LHP Will West
Batting: RHB Mario Cruz 0-0: Called Strike
0-1: Ball
1-1: Foul Ball, location: 9LMF
1-2: Strikes out swinging
Batting: RHB Gerard Gordijn 0-0: Called Strike
0-1: Ball
1-1: Ball
2-1: Called Strike
2-2: Ball
3-2: Foul Ball, location: 9LDF
3-2: Base on Balls
Batting: RHB Chris Williamson 0-0: Called Strike
0-1: Swinging Strike
0-2: Strikes out swinging
Batting: RHB Walter Fisher 0-0: Swinging Strike
0-1: Ball
1-1: Ball
Passed Ball!
Gerard Gordijn to second
2-1: Foul Ball, location: 9LMF
2-2: Fly out, F7 (Flyball, 7D, EV 105.0 MPH)
Top of the 9th over - 0 runs, 0 hits, 0 errors, 1 left on base; University of Michigan 2 - Clemson University 5
Sunday, July 16th , 2023 - OOTP Baseball 24.6 Build 69